 Dungeon Crawl Stone Soup version 0.31.0-9-g3a7656b989 (webtiles) character file.

Game seed: 16030365919696513531

38917 ExZ the Metamorph (level 13, -3/83 (94) HPs)
             Began as an Octopode Shapeshifter on Jan 31, 2024.
             Was a High Priest of Ru.
             Slain by an eight-headed hydra (13 damage)
             ... on level 4 of the Lair of Beasts.
             The game lasted 00:32:26 (16836 turns).

ExZ the Metamorph (Octopode Shapeshifter)          Turns: 16836, Time: 00:32:26

HP:   -3/83 (94)    AC:  5    Str: 19    XL:     13   Next: 4%
MP:   4/11          EV: 22    Int: 12    God:    Ru [*****.]
Gold: 315           SH:  0    Dex: 20    Spells: 12/12 levels left

rFire   . .          .
                       - Unarmed
rCold   + . .        (shield currently unavailable)
rNeg    + + +        g - +0 hat
rPois   .            r - amulet of regeneration
rElec   .            j - ring of protection from cold
rCorr   .            o - +4 ring of protection
SInv    +            s - +5 ring of evasion
Will    .....        p - ring of positive energy
Stlth   +            x - ring of positive energy
HPRegen 1.13/turn    B - ring of Mion {rN+ Str+3 Dex+6 SInv}
MPRegen 0.12/turn    (no ring)
                     (no ring)

%: no passive effects
@: exhausted, flux-form, glowing, heavily drained
A: glow, contaminating, almost no armour, amphibious, 8 rings, camouflage 1, low
MP 1, gelatinous body 1, inability to use devices, reduced EV 1, inexperienced
1, (nimble swimmer 1), tentacles
a: Begin Untransformation, Renounce Religion, Sacrifice Stealth, Sacrifice
Forms, Sacrifice Experience, Reject Sacrifices, Draw Out Power, Power Leap,
Apocalypse


You were on level 4 of the Lair of Beasts.
You worshipped Ru.
Ru was extremely pleased with you.
You were something dangerously unstable.
You visited 2 branches of the dungeon, and saw 16 of its levels.

You collected 962 gold pieces.
You spent 647 gold pieces at shops.

Inventory:

Hand Weapons
 A - a +4 scimitar of flaming
Missiles
 C - a throwing net (quivered)
Armour
 g - a +0 hat (worn)
Jewellery
 j - a ring of protection from cold (left tentacle)
 o - a +4 ring of protection (right tentacle)
 p - a ring of positive energy (on tentacle)
 r - an amulet of regeneration (around mantle)
 s - a +5 ring of evasion (on tentacle)
 x - a ring of positive energy (on tentacle)
 B - the ring of Mion (on tentacle) {rN+ Str+3 Dex+6 SInv}
   (You bought it in a shop on level 1 of the Dungeon)

   [ring of dexterity]

   Str+3:     It affects your strength (+3).
   Dex+6:     It affects your dexterity (+6).
   rN+:       It protects you from negative energy.
   SInv:      It lets you see invisible.
Talismans
 b - a beast talisman
 c - a flux talisman (active)
 v - a talisman of death
Scrolls
 h - 2 scrolls of blinking
 i - 3 scrolls of fog
 k - a scroll of silence
 l - a scroll of teleportation
 m - 5 scrolls of enchant weapon
 q - 3 scrolls of vulnerability
 u - 3 scrolls of fear
 w - 2 scrolls of revelation {unknown}
 y - 3 scrolls of amnesia {unknown}
 F - a scroll of enchant armour
Potions
 a - 2 potions of lignification
 d - 3 potions of heal wounds
 e - a potion of invisibility {unknown}
 f - 2 potions of enlightenment
 n - a potion of curing
 t - 2 potions of cancellation
 z - a potion of haste
 D - a potion of might
 E - 2 potions of attraction
 G - 2 potions of brilliance {unknown}


   Skills:
 - Level 10.9 Fighting
 - Level 8.0 Dodging
 - Level 10.4 Unarmed Combat
 * Level 16.2 Shapeshifting


You had 12 spell levels left.
You didn't know any spells.
Your spell library contained the following spells:

 Spells                   Type           Power      Damage    Failure   Level
 Sandblast                Erth           0%         2d4       32%         1
 Sting                    Conj/Alch      0%         1d3       32%         1
 Blink                    Tloc           0%         N/A       45%         2
 Lesser Beckoning         Tloc           0%         N/A       45%         2
 Mercury Vapours          Alch/Air       0%         N/A       45%         2
 Momentum Strike          Conj/Tloc      0%         3d8       45%         2
 Passwall                 Erth           0%         N/A       69%         3
 Stone Arrow              Conj/Erth      0%         3d7       69%         3
 Brom's Barrelling Bould  Conj/Erth      0%         2d3       97%         4
 Olgreb's Toxic Radiance  Alch           0%         N/A       97%         4


Dungeon Overview and Level Annotations

Branches:
Dungeon (11/15)            Temple (0/1) D:4            Lair (5/5) D:8
 Shoals (0/4) Lair:3        Snake (0/4) Lair:2        Slime (0/5) Lair:5
    Orc: D:9-12

Altars:
Ashenzari
Elyvilon
Fedhas
Hepliaklqana
Kikubaaqudgha
Nemelex Xobeh
Okawaru
Qazlal
Ru
Uskayaw
Vehumet
Wu Jian
Xom
Yredelemnul
Zin
Jiyva

Shops:
D:1 =   D:10 ((   D:11 !

Portals:
Trove: D:10 (give 5 scrolls of fog)

Annotations:
D:11 3 runed translucent doors, Killerpretzel's ghost, journeyman FeCj
Lair:5 1 runed translucent door


Innate Abilities, Weirdness & Mutations

You are something dangerously unstable.
You glow with magical radiation, making you easy to see and hit.
Foes you strike become dangerously contaminated with magical radiation.
You are incapable of wielding weapons or throwing items.
You cannot wear most types of armour.
You are amphibious.
You can wear up to eight rings at the same time.
Your skin changes colour to match your surroundings (Stealth+).
Your magical capacity is low. (-10% MP)
Your rubbery body absorbs attacks. (AC +1, EV +1)
You cannot study or use magical devices.
You have somewhat slow reflexes. (EV -5)
You are somewhat inexperienced. (-1 XL)
((You are camouflaged when in or above water. (Stealth+)))
You have tentacles for arms and can constrict up to eight enemies at once.


Message History

The eight-headed hydra bites you but does no damage.
The eight-headed hydra closely misses you.
The eight-headed hydra bites you but does no damage.
The eight-headed hydra completely misses you.
The eight-headed hydra closely misses you.
The eight-headed hydra bites you. The eight-headed hydra bites you!
The eight-headed hydra barely misses you.
There is an escape hatch in the ceiling, spattered with blood here.
The eight-headed hydra barely misses you.
The eight-headed hydra misses you. The eight-headed hydra bites you.
The eight-headed hydra completely misses you.
The eight-headed hydra closely misses you.
The eight-headed hydra bites you.
The eight-headed hydra closely misses you.
The eight-headed hydra completely misses you.
A mysterious force pulls you upwards. The hatch slams shut behind you.
Unknown command.
Unknown command.
Unknown command.
The eight-headed hydra attacks as it pursues you!
The eight-headed hydra closely misses you. x2
The eight-headed hydra barely misses you.
The eight-headed hydra bites you but does no damage.
The eight-headed hydra bites you.
* * * LOW HITPOINT WARNING * * *
The eight-headed hydra completely misses you.
The eight-headed hydra closely misses you.
The eight-headed hydra barely misses you.
Unknown command.
Unknown command.
Unknown command.
The eight-headed hydra attacks as it pursues you!
The eight-headed hydra bites you but does no damage.
The eight-headed hydra bites you!
* * * LOW HITPOINT WARNING * * *
The eight-headed hydra bites you.
* * * LOW HITPOINT WARNING * * *
The eight-headed hydra completely misses you.
The eight-headed hydra bites you!
You die...

#..## #............. ##.##
##............. #..#
#.............. #..#
###............ ##.##
###............. ...#
###............... #..##
####................. .#..##
##.##.D.............##
..)..#######....p..............#
.#.....##.##.........##..###.#.#
#..>...#รท#.......##.#######P.###
##......#........#### #P.#
##..........####.# #..#
...........## ### #..#
..........## #..## ...........#
###...### ..........## #........


You could see an eight-headed hydra.

Vanquished Creatures
  Gastronok (D:9)
  Erolcha (D:10)
  A hydra (Lair:3)
  2 centaur warriors (D:9)
  Erica (D:10)
  A boulder beetle (Lair:5)
  Lodul (D:11)
  Pikel (D:5)
  A lindwurm (Lair:2)
  A deep elf pyromancer (D:9)
  A salamander (Lair:2)
  A manticore (D:11)
  Maurice (D:11)
  A cyclops (D:11)
  7 elephants
  2 black mambas
  A gargoyle (D:11)
  7 cane toads
  A rime drake (Lair:5)
  8 komodo dragons
  2 ice devils (Lair:3)
  2 merfolk (Lair:3)
  2 trolls (D:11)
  A polar bear (Lair:5)
  25 blink frogs
  2 shadows (D:10)
  A wraith (D:10)
  5 wyverns
  A vampire (D:10)
  39 yaks
  7 basilisks
  9 vampire mosquitoes (D:11)
  5 steam dragons
  A redback (Lair:5)
  Menkaure (D:5)
  17 water moccasins
  5 orc warriors
  A sky beast (D:7)
  2 swamp drakes (Lair:5)
  3 black bears
  An ice beast (D:7)
  7 ogres (D:11)
  7 centaurs
  9 wolves
  3 phantoms
  2 lemures (D:5)
  A kobold brigand (D:9)
  11 bullfrogs
  2 gnoll sergeants
  4 scorpions
  3 water moccasin zombies (D:5)
  15 killer bees
  3 howler monkeys (D:10)
  3 lava snakes (Lair:2)
  A bullfrog zombie (D:5)
  5 orc priests
  3 jellies
  A bullfrog skeleton (D:5)
  A gnoll bouda (D:9)
  2 hounds
  A sleepcap (D:4)
  3 iguanas
  6 orc wizards
  Ijyb (D:5)
  A hound skeleton (D:5)
  12 gnolls
  7 adders
  A river rat (D:3)
  A shadow imp (D:7)
  A white imp (D:5)
  2 ufetubi (D:6)
  An adder zombie (D:5)
  3 dart slugs
  5 ribbon worms (D:3)
  34 orcs
  9 endoplasms
  3 giant cockroaches
  6 goblins
  6 hobgoblins
  8 jackals
  3 quokkas
  5 ball pythons
  8 bats
  4 frilled lizards
  10 kobolds
  7 rats
404 creatures vanquished.

Vanquished Creatures (collateral kills)
  3 killer bees (D:7)
3 creatures vanquished.

Vanquished Creatures (others)
  A blink frog (Lair:4)
  A yak (D:9)
  An iguana (Lair:5)
  2 gnolls (D:9)
  An adder (D:6)
6 creatures vanquished.

Grand Total: 413 creatures vanquished

Notes
Turn   | Place    | Note
-------+----------+-------------------------------------------
     0 | D:1      | ExZ the Octopode Shapeshifter began the quest for the Orb.
     0 | D:1      | Reached XP level 1. HP: 13/13 MP: 1/1
   115 | D:1      | Reached XP level 2. HP: 18/18 MP: 2/2
   313 | D:1      | Found Wughor's One-of-a-Kind Rings.
   329 | D:1      | Reached XP level 3. HP: 21/24 MP: 3/3
  1254 | D:2      | Found an ornate altar of the Wu Jian Council.
  1505 | D:3      | Reached XP level 4. HP: 16/30 MP: 4/4
  1888 | D:3      | Found a faded altar of an unknown god.
  2102 | D:3      | Found a broken altar of Ashenzari.
  2424 | D:3      | Reached XP level 5. HP: 12/37 MP: 5/5
  2607 | D:3      | Found a sparkling altar of Nemelex Xobeh.
  3016 | D:4      | Reached skill level 4 in Shapeshifting
  3293 | D:4      | Found a stormy altar of Qazlal.
  3293 | D:4      | Found a blossoming altar of Fedhas.
  3313 | D:4      | Found a white marble altar of Elyvilon.
  3314 | D:4      | Found an ancient bone altar of Kikubaaqudgha.
  3314 | D:4      | Found an iron altar of Okawaru.
  3314 | D:4      | Found a radiant altar of Vehumet.
  3314 | D:4      | Found a glowing silver altar of Zin.
  3314 | D:4      | Found a sacrificial altar of Ru.
  3315 | D:4      | Found a hide-covered altar of Uskayaw.
  3316 | D:4      | Found a basalt altar of Yredelemnul.
  3317 | D:4      | Found a hazy altar of Hepliaklqana.
  3319 | D:4      | Found a shimmering altar of Xom.
  3326 | D:4      | Became a worshipper of Ru the Awakened
  3450 | D:4      | Reached XP level 6. HP: 43/43 MP: 6/6
  3571 | D:4      | Found a staircase to the Ecumenical Temple.
  3879 | D:4      | Reached skill level 5 in Shapeshifting
  4093 | D:5      | Entered Level 5 of the Dungeon
  4142 | D:5      | Noticed a black bear
  4172 | D:4      | Killed a black bear
  4173 | D:4      | Reached XP level 7. HP: 16/48 MP: 7/7
  4294 | D:5      | Reached skill level 6 in Shapeshifting
  4354 | D:5      | Noticed Ijyb
  4361 | D:5      | Killed Ijyb
  4555 | D:5      | Reached skill level 7 in Shapeshifting
  4653 | D:5      | Gained mutation: You are somewhat inexperienced. (-1 XL)
                  | [Ru sacrifice]
  4653 | D:5      | Reached XP level 6. HP: 43/43 MP: 6/6
  4653 | D:5      | Reached * piety under Ru
  4653 | D:5      | Noticed Pikel
  4776 | D:5      | Noticed Menkaure
  4778 | D:5      | Killed Pikel
  4779 | D:5      | Reached skill level 8 in Shapeshifting
  4779 | D:5      | Reached XP level 7. HP: 40/48 MP: 7/7
  4783 | D:5      | Killed Menkaure
  4784 | D:5      | Reached skill level 9 in Shapeshifting
  5763 | D:6      | Reached XP level 8. HP: 50/54 MP: 8/8
  6062 | D:6      | Reached skill level 10 in Shapeshifting
  6695 | D:7      | Reached skill level 11 in Shapeshifting
  6746 | D:7      | Gained mutation: You cannot study or use magical devices.
                  | [Ru sacrifice]
  6746 | D:7      | Reached ** piety under Ru
  6746 | D:7      | Reached *** piety under Ru
  6746 | D:7      | Reached **** piety under Ru
  7240 | D:8      | Found a staircase to the Lair.
  7240 | D:8      | Noticed an elephant
  7266 | D:8      | Killed an elephant
  7267 | D:8      | Reached skill level 5 in Fighting
  7267 | D:8      | Reached XP level 9. HP: 43/61 MP: 9/9
  7405 | D:8      | Reached skill level 5 in Unarmed Combat
  8113 | D:9      | Reached skill level 5 in Dodging
  8200 | D:9      | Noticed a centaur warrior
  8202 | D:9      | Noticed a centaur warrior
  8202 | D:9      | Noticed a deep elf pyromancer
  8208 | D:9      | Killed a centaur warrior
  8214 | D:9      | Killed a deep elf pyromancer
  8269 | D:9      | Noticed a centaur warrior
  8437 | D:9      | Noticed Gastronok
  8996 | D:9      | Reached XP level 10. HP: 71/71 MP: 10/10
  9034 | D:9      | Killed Gastronok
  9326 | D:9      | Gained mutation: You have somewhat slow reflexes. (EV -5)
                  | [Ru sacrifice]
  9326 | D:9      | Reached ***** piety under Ru
  9538 | D:9      | Killed a centaur warrior
  9643 | D:10     | Entered Level 10 of the Dungeon
  9655 | D:10     | Noticed Erica
  9660 | D:10     | Killed Erica
  9872 | D:10     | Found Tiocovuv's Weapon Boutique.
 10189 | D:10     | Noticed Erolcha
 10212 | D:10     | Killed Erolcha
 10281 | D:10     | Found a portal to a secret trove of treasure.
 10477 | D:10     | Found Zouqat's Weapon Emporium.
 10517 | D:11     | Noticed a cyclops
 10524 | D:11     | Killed a cyclops
 10577 | D:11     | Found Ogroef Guagh's Distillery.
 10582 | D:11     | Bought a potion of heal wounds for 70 gold pieces
 10606 | D:11     | Noticed a manticore
 10614 | D:11     | Killed a manticore
 10631 | D:11     | Noticed Maurice
 10636 | D:11     | Maurice stole a talisman of death
 10644 | D:11     | Killed Maurice
 10688 | D:11     | Noticed Lodul
 10694 | D:11     | Killed Lodul
 10695 | D:11     | Reached XP level 11. HP: 65/81 MP: 2/11
 10706 | D:11     | Reached skill level 10 in Fighting
 10988 | D:11     | Found a runed translucent gate.
 10988 | D:11     | Found a runed translucent gate.
 10988 | D:11     | Found a runed translucent gate.
 10989 | D:11     | Noticed Killerpretzel's ghost (journeyman FeCj)
 11700 | D:1      | Bought the ring of Mion {rN+ Str+3 Dex+6 SInv} for 577 gold
                  | pieces
 11903 | Lair:1   | Entered Level 1 of the Lair of Beasts
 11910 | Lair:1   | Reached skill level 10 in Unarmed Combat
 12333 | Lair:1   | Gained mutation: Your magical capacity is low. (-10% MP)
                  | [Ru sacrifice]
 12353 | Lair:1   | Reached skill level 12 in Shapeshifting
 13434 | Lair:2   | Reached skill level 13 in Shapeshifting
 13476 | Lair:2   | Reached XP level 12. HP: 60/89 MP: 10/10
 13766 | Lair:2   | Found a staircase to the Snake Pit.
 14031 | Lair:3   | Found a staircase to the Shoals.
 14330 | Lair:3   | Reached skill level 14 in Shapeshifting
 15605 | Lair:3   | Reached skill level 15 in Shapeshifting
 16271 | Lair:5   | Entered Level 5 of the Lair of Beasts
 16288 | Lair:5   | Noticed a fire dragon
 16559 | Lair:5   | Found a runed translucent door.
 16559 | Lair:5   | Found a viscous altar of Jiyva.
 16559 | Lair:5   | Noticed an acid blob
 16580 | Lair:5   | Found a staircase to the Slime Pits.
 16580 | Lair:5   | Noticed an acid blob
 16663 | Lair:5   | Reached skill level 16 in Shapeshifting
 16771 | Lair:5   | Reached XP level 13. HP: 94/94 MP: 11/11
 16836 | Lair:4   | Slain by an eight-headed hydra

Illustrated notes

Levels and vault maps discovered:
D:1:      nzn_arrival_settlement, layout_loops_cross, nicolae_shop_unique_rings
D:2:      layout_basic, basic_altar
D:3:      layout_loops_corners, lemuel_crystal_altar, nemelex_dance_club_becter,
          lightli_sewer_entry_pipes, shapermc_ecumenical_altar_mp_urbaneastern
D:4:      layout_loops_corners, minitemple, temple_doors_e,
          kennysheep_generic_room_3
D:5:      layout_layer_cave, serial_undead, serial_undead_c, serial_undead_d,
          serial_undead_d, serial_undead_f, uniq_menkaure, uniq_pikel, uniq_ijyb
D:6:      layout_layer_cave
D:7:      layout_basic
D:8:      layout_basic, grunt_lair_entry_orc_guard_hut
D:9:      wad_arrow_thing, layout_basic, enter_bailey_7, uniq_gastronok
D:10:     layout_roguey, serial_shops, shop, nicolae_shop_statue_plus,
          nicolae_trove_entry_crystal, grunt_decor_mini_mirrors, uniq_erica,
          uniq_erolcha
D:11:     layout_roguey, serial_shops, nicolae_shop_rolling_square,
          gammafunk_ghost_nasty_kobolds, uniq_lodul, uniq_maurice
Lair:1:   layout_cave_pods
Lair:2:   layout_concentric_octagons, nicolae_snake_entry_warm_welcome,
          st_stairs_4
Lair:3:   layout_layer_cave, elwin_shoals_entry_rooms,
          portal_ice_cave_demonic_guard, grunt_megastairs_5
Lair:4:   layout_cave_pods
Lair:5:   hangedman_lair_tendril_chambers, layout_gridlike,
          guppyfry_lair_end_dragon, slime_entry_2, serial_bayou_pond_d,
          chequers_serial_rivers_micro_a

Skill      XL: |  1  2  3  4  5  6  7  8  9 10 11 12 |
---------------+-------------------------------------+-----
Fighting       | 2 3 4 5 7 9 10 | 10.9
Shapeshifting  | 4 8 9 11 13 16 | 16.2
Dodging        | 4 6 8 |  8.0
Unarmed Combat | 4 6 9 10 | 10.4

Action                     |  1- 3 |  4- 6 |  7- 9 | 10-12 | 13-15 || total
---------------------------+-------+-------+-------+-------+-------++-------
  Melee: Unarmed           |    83 |   134 |   376 |   737 |    12 ||  1342
         Constrict         |    20 |    39 |    84 |   113 |     1 ||   257
         Tentacles         |    14 |    37 |   113 |   233 |     5 ||   402
         Punch             |     2 |     6 |     6 |       |       ||    14
 Invoke: Sacrifice Experie |       |     1 |       |       |       ||     1
         Sacrifice Artific |       |       |     1 |       |       ||     1
         Power Leap        |       |       |     3 |     2 |       ||     5
         Apocalypse        |       |       |       |     4 |     1 ||     5
         Sacrifice Health  |       |       |       |     1 |       ||     1
         Draw Out Power    |       |       |       |     2 |       ||     2
         Sacrifice Essence |       |       |       |     1 |       ||     1
  Evoke: Wand              |       |     2 |     2 |       |       ||     4
    Use: Scroll            |     4 |       |     5 |    10 |       ||    19
         Potion            |       |     2 |     5 |     4 |       ||    11
   Stab: Sleeping          |    10 |    13 |     4 |     2 |       ||    29
         Distracted        |       |       |     1 |     5 |       ||     6
         Invisible         |       |       |       |     3 |       ||     3
         Paralysed         |       |       |       |     8 |       ||     8
 Armour: Skin              |    31 |    79 |   189 |   253 |    18 ||   570
  Dodge: Dodged            |    52 |    84 |   398 |   539 |    27 ||  1100
   Form: Flux              |       |       |     1 |       |       ||     1
